 Dungeon Crawl Stone Soup version 0.29.0-13-gc9e81de378 (webtiles) character file.

Game seed: 6676903461045414605

73 Ofeo the Digger (level 4, -5/32 (33) HPs)
             Began as a Meteoran Earth Elementalist on Sept 10, 2022.
             Slain by Duvessa
             ... wielding a +0 short sword
              (10 damage)
             ... on level 7 of the Dungeon.
             The game lasted 00:03:48 (349 turns).

Ofeo the Digger (Meteoran Earth Elementalist)        Turns: 349, Time: 00:03:49

HP:   -5/32 (33)    AC:  2    Str:  9    XL:     4   Next: 81%
MP:   19/19         EV: 13    Int: 19    God:
Gold: 50            SH:  0    Dex: 18    Spells: 3/9 levels left

rFire   + . .      SeeInvis .   (no weapon)
rCold   + . .      Faith    .   (no shield)
rNeg    . . .      Spirit   .   a - +0 robe
rPois   +          Reflect  .   (no helmet)
rElec   +          Harm     .   (no cloak)
rCorr   +          Rampage  .   (no gloves)
Will    .....                   (no boots)
Stlth   +.........              (no amulet)
HPRegen 0.10/turn               e - ring "Wykeajea" {rPois MP+9 Dex+4}
MPRegen 0.16/turn               (no ring)

@: about to teleport, resistant, glowing, lightly drained
A: sense surroundings 1, otherworldly, glowing, explore regen
a: no special abilities


You were on level 7 of the Dungeon.
You visited 1 branch of the dungeon, and saw 7 of its levels.

You collected 50 gold pieces.

Inventory:

Armour
 a - a +0 robe (worn)
Jewellery
 e - the ring "Wykeajea" (left hand) {rPois MP+9 Dex+4}
   (You found it on level 3 of the Dungeon)

   [ring of poison resistance]

   Dex:       It affects your dexterity (+4).
   rPois:     It protects you from poison.
   MP:        It affects your magic capacity (+9).
Potions
 b - a potion of magic


   Skills:
 + Level 3.2 Dodging
 + Level 2.0 Stealth
 + Level 3.4 Spellcasting
 + Level 2.3 Transmutations
 + Level 4.2 Earth Magic


You had 3 spell levels left.
You knew the following spells:

 Your Spells              Type           Power      Damage    Failure   Level
a - Sandblast             Erth           38%        2d10      2%          1
b - Passwall              Tmut/Erth      12%        N/A       6%          2
c - Stone Arrow           Conj/Erth      22%        3d8       19%         3

Your spell library contained the following spells:

 Spells                   Type           Power      Damage    Failure   Level
 Petrify                  Tmut/Erth      15%        N/A       36%         4


Dungeon Overview and Level Annotations

Branches:
Dungeon (8/15) Zot: 3831
 Temple: D:4-7         Lair: D:8-11

Altars:

Annotations:
D:7 Dowan, Duvessa


Innate Abilities, Weirdness & Mutations

You passively map a small area around you.
You are easily found by Zot.
You glow in the dark.
You regain HP and MP as you explore.


Message History

You take 5 damage, and have 27/32 hp.
The jelly quivers.
Okay, then.
Duvessa hits you with a +0 short sword.
You take 2 damage, and have 26/32 hp.
Okay, then.
As you read the scroll labelled GIUTWETALE, it crumbles to dust.
It is a scroll of enchant weapon.
You aren't carrying any weapons that can be enchanted.
Duvessa barely misses you. The sky beast hits you. The sky beast shocks you.
You resist.
You take 5 damage, and have 21/32 hp.
The sky beast attacks as you move away! The sky beast barely misses you.
The sky beast attacks as you move away! The sky beast misses you.
Duvessa hits you with a +0 short sword.
You take 4 damage, and have 17/32 hp.
As you read the scroll labelled UWKANU BUJOSS, it crumbles to dust.
You hear a loud clanging noise!
It was a scroll of noise.
You hear a shout!
You hear a loud, deep croak!
You hear a shout!
Duvessa hits you with a +0 short sword. The sky beast barely misses you.
You take 6 damage, and have 11/32 hp.
As you read the scroll labelled TAPIG PEOLODU, it crumbles to dust.
It is a scroll of identify.
g - a scroll of teleportation Duvessa hits you with a +0 short sword.
The sky beast hits you.
* * * LOW HITPOINT WARNING * * *
The sky beast shocks you. You resist.
* * * LOW HITPOINT WARNING * * *
You take 6 damage, and have 5/32 hp.
Okay, then.
The sky beast attacks as you move away! The sky beast misses you.
Duvessa gestures with her weapon.
Duvessa hits you with a +0 short sword.
* * * LOW HITPOINT WARNING * * *
As you read the scroll of teleportation {@r3}, it crumbles to dust.
You feel strangely unstable.
Duvessa says, "Practise, practise, practise!
One day you'll be as good as me." Duvessa hits you with a +0 short sword!
You die...

* ........##, , * ,
.......#,,* ** , , ,,
......, ... , * ,,
####..###...#* ** , **
, #....>..$.... * , *
***#>.........#. * , *
#..........#
...#######J.........#
,
.......@eY............
,
........eY............
, * *
#...#...o...........##
* ###
#.###############
*...* ##.. #. ##


You could see Duvessa (fast), 2 sky beasts, Dowan, a jelly and an orc.

Vanquished Creatures
  An orc wizard (D:3)
  2 adders
  2 dart slugs (D:1)
  A worm (D:3)
  2 orcs (D:3)
  A ball python (D:2)
  2 endoplasms
  A giant cockroach (D:1)
  A goblin (D:1)
  A hobgoblin (D:4)
  A quokka (D:3)
  A bat (D:3)
  A frilled lizard (D:3)
  5 kobolds
  2 rats
24 creatures vanquished.

Notes
Turn   | Place    | Note
-------+----------+-------------------------------------------
     0 | D:1      | Ofeo the Meteoran Earth Elementalist began the quest for
                  | the Orb.
     0 | D:1      | Reached XP level 1. HP: 14/14 MP: 5/5
    39 | D:1      | Reached XP level 2. HP: 18/20 MP: 2/6
   104 | D:1      | Found a faded altar of an unknown god.
   150 | D:3      | Reached XP level 3. HP: 26/26 MP: 2/8
   175 | D:3      | Identified the ring "Wykeajea" {rPois MP+9 Dex+4}
   179 | D:3      | Reached skill level 4 in Earth Magic
   218 | D:3      | Reached XP level 4. HP: 3/33 MP: 6/9
   261 | D:3      | Learned a level 2 spell: Passwall
   265 | D:3      | Learned a level 3 spell: Stone Arrow
   316 | D:5      | Entered Level 5 of the Dungeon
   316 | D:5      | You fall into a shaft and drop 3 floors!
   317 | D:8      | Noticed a sky beast
   322 | D:8      | Noticed a necrophage
   336 | D:8      | Noticed a wight
   336 | D:8      | Noticed a wight
   336 | D:8      | Noticed a wight
   336 | D:8      | Noticed a wight
   337 | D:7      | Noticed Duvessa
   337 | D:7      | Noticed a sky beast
   337 | D:7      | Noticed a sky beast
   338 | D:7      | Noticed Dowan
   349 | D:7      | Slain by Duvessa

Illustrated notes

Levels and vault maps discovered:
D:1:      dpeg_arrival_triangle_fractal, layout_basic,
          ebering_ecumenical_altar_mist, grunt_decor_mini_mirrors,
          reono_crystal_passage, nicolae_titane
D:2:      layout_loops_corners, basic_altar, mrwooster_statue_mirror,
          minmay_cut_off
D:3:      layout_rooms, minmay_misc_feat_five
D:4:      layout_cave_pools, ebering_ghost_gozag, nrook_mini_vaults
D:5:      layout_cave_pools, minmay_shop_enchanted_jewellery,
          minmay_ogre_servants
D:7:      minmay_flawed_box, layout_rooms, serial_shops, nicolae_square_shop,
          hangedman_decor_peaks_small, uniq_duvessa
D:8:      layout_gridville, good_gods_temple_1, slow_altar_1,
          mainiacjoe_overflow_surrounded_room, dpeg_lair_monsters,
          amethyst_killhole

Skill      XL: |  1  2  3  4 |
---------------+-------------+-----
Spellcasting   | 3 |  3.4
Earth Magic    | 4 |  4.2
Dodging        | 3 |  3.2
Transmutations | 2 |  2.3
Stealth        | 2 |  2.0

Action                   |  1- 3 |  4- 6 || total
-------------------------+-------+-------++-------
 Cast: Sandblast         |    32 |     8 ||    40
       Passwall          |       |     1 ||     1
  Use: Scroll            |       |     4 ||     4
       Potion            |       |     3 ||     3
Armor: Robe              |     3 |     1 ||     4
Dodge: Dodged            |    10 |     6 ||    16
